 Dungeon Crawl Stone Soup version 0.31-a0-237-g2d982f9f85 (webtiles) character file.

Game seed: 16091798139221419458

3248 Shard1697 the Cleaver (level 10, -4/93 HPs)
             Began as a Meteoran Berserker on July 11, 2023.
             Was a Priest of Trog.
             Slain by an orc warrior
             ... wielding a +0 glaive
              (14 damage)
             ... on level 8 of the Dungeon.
             The game lasted 00:19:17 (3634 turns).

Shard1697 the Cleaver (Meteoran Berserker)          Turns: 3634, Time: 00:19:17

Health: -4/93      AC:  8    Str: 24    XL:     10   Next: 41%
Magic:  11/11      EV:  9    Int:  9    God:    Trog [***...]
Gold:   386        SH: 11    Dex: 13    Spells: 9/9 levels left

rFire   . . .        b - +3 trident (venom)
rCold   . . .        l - +2 kite shield
rNeg    . . .        o - +1 scale mail {rPois}
rPois   +            s - +0 helmet
rElec   .            (no cloak)
rCorr   .            (no gloves)
SInv    .            (no boots)
Will    +....        (no amulet) Stlth
                     (no ring)
HPRegen 0.35/turn    (no ring)
MPRegen 0.12/turn

%: no passive effects
@: on berserk cooldown, slowed, glowing, very slow
A: sense surroundings 2, otherworldly, glowing, explore regen
a: Renounce Religion, Berserk, Trog's Hand


You were on level 8 of the Dungeon.
You worshipped Trog.
Trog was most pleased with you.
You visited 1 branch of the dungeon, and saw 8 of its levels.

You collected 386 gold pieces.

Inventory:

Hand Weapons
 a - a +0 hand axe
 b - a +3 trident of venom (weapon)
 m - a +0 great mace
Armour
 h - the +1 chain mail "Hiengi Jibi" {-Tele rC+++ Dex+4}
   (You found it on level 5 of the Dungeon)

   Dex:       It affects your dexterity (+4).
   rC:        It renders you almost immune to cold.
   -Tele:     It prevents most forms of teleportation.
 l - a +2 kite shield (worn)
 o - a +1 scale mail of poison resistance (worn)
 s - a +0 helmet (worn)
 v - a +2 ring mail of positive energy
Jewellery
 g - a ring of fire
Wands
 r - a wand of charming (2)
 w - a wand of digging (5)
Scrolls
 c - a scroll of summoning
 e - 3 scrolls of fog {unknown}
 f - 3 scrolls of teleportation {unknown}
 i - a scroll of fear
 p - a scroll of immolation {unknown}
 u - a scroll of torment {unknown}
 x - a scroll of noise {unknown}
Potions
 d - 3 potions of haste {unknown}
 j - 3 potions of mutation
 k - 2 potions of attraction
 n - a potion of degeneration {unknown}
 q - a potion of lignification
 t - 2 potions of berserk rage {unknown}


   Skills:
 * Level 9.9 Fighting
 * Level 12.2 Axes
 - Level 2.4 Armour
 - Level 2.4 Dodging
 + Level 4.9 Shields


You had 9 spell levels left.
You didn't know any spells.
Your spell library was empty.

Dungeon Overview and Level Annotations

Branches:
Dungeon (8/15) Zot: 1079   Temple (0/1) D:5
   Lair: D:8-11

Altars:
Cheibriados
Nemelex Xobeh
Sif Muna

Shops:
D:4 :


Innate Abilities, Weirdness & Mutations

You passively map the area around you.
You are easily found by Zot.
You glow in the dark.
You regain HP and MP as you explore.


Message History

An orc warrior comes into view. It is wielding a +0 glaive.
You are no longer berserk.
You are exhausted.
You feel yourself slow down.
You feel sick.
The orc warrior shouts!
You hear a shout!
An orc priest comes into view. It is wielding a +0 dagger.
Something hits you but does no damage.
Items here: )) ††††.
You completely miss something.
You feel sick. Something hits you.
You hear some strange, mumbled words.
A puff of flame appears from out of thin air!
You block the puff of flame.
You completely miss something.
You feel sick.
Something hits you but does no damage. x2
The orc warrior hits you from afar with a +0 glaive!
* * * LOW HITPOINT WARNING * * *
Something hits you but does no damage. Something completely misses you.
You feel sick.
You are no longer poisoned.
Something hits you but does no damage.
Okay, then.
Okay, then.
Aiming: Charm
Press: ? - help, Shift-Dir - straight line, f - orc warrior
Aim: an orc warrior, wielding a +0 glaive and wearing a +0 plate armour (chance to affect: 49%)
You detect the charmed orc wizard.
Reactivating autopickup.
The orc misses your orc wizard. You block the orc warrior's attack.
You block the orc warrior's attack.
The orc warrior hits you from afar with a +0 glaive!
* * * LOW HITPOINT WARNING * * *
The orc warrior hits you but does no damage.
The orc priest calls down the wrath of Beogh upon you.
Beogh smites you!
* * * LOW HITPOINT WARNING * * *
The orc warrior hits you from afar with a +0 glaive.
* * * LOW HITPOINT WARNING * * *
There is a stone staircase leading up here.
The orc warrior hits you from afar with a +0 glaive!
You die...

#.####....##...)_.#,#.#.#.#.#..#
#.####....##......# #.#.#.#.#..#
#.#........#......# #.#.#.#.#..##
#.#.########......# #.#.#.#.#..#.
#.#.# #......###.#.#.#.#....
#.#.# ########.#.#.#.#.#....
....# #.............. ....#
######.#.......... ....#
###@.....#..........
.|..##########oo.########.#######
......).o...o............>#
...#..########...##########
...##.# #...# ####...# ......
o....#* .......# ....[..#
#.......# #.......# #.......#


You could see an orc warrior, an orc and a friendly orc wizard (charmed,
invisible).

Vanquished Creatures
  A two-headed ogre (D:8)
  2 wargs (D:8)
  A water moccasin (D:8)
  2 orc warriors (D:8)
  An ice beast (D:5)
  A black bear (D:7)
  An ogre (D:6)
  A centaur (D:7)
  A gnoll sergeant (D:6)
  9 scorpions
  4 wights (D:7)
  An electric eel (D:7)
  A howler monkey (D:5)
  8 orc priests
  4 hounds
  A jelly (D:6)
  4 iguanas
  A sleepcap (D:5)
  6 orc wizards
  10 adders
  5 gnolls (D:6)
  A shadow imp (D:5)
  2 worms (D:2)
  2 dart slugs
  39 orcs
  7 bats
  4 endoplasms
  A giant cockroach (D:3)
  7 goblins
  5 hobgoblins
  5 jackals
  6 kobolds
  3 quokkas
  A ball python (D:2)
  3 frilled lizards
  3 rats
154 creatures vanquished.

Notes
Turn   | Place    | Note
-------+----------+-------------------------------------------
     0 | D:1      | Shard1697 the Meteoran Berserker began the quest for the
                  | Orb.
     0 | D:1      | Reached XP level 1. HP: 19/19 MP: 2/2
   139 | D:1      | Reached skill level 4 in Axes
   153 | D:1      | Reached XP level 2. HP: 14/26 MP: 3/3
   309 | D:1      | Reached XP level 3. HP: 26/31 MP: 4/4
   401 | D:2      | Reached skill level 5 in Axes
   441 | D:2      | Reached ** piety under Trog
   456 | D:2      | Reached XP level 4. HP: 24/38 MP: 5/5
   794 | D:3      | Reached skill level 6 in Axes
   875 | D:3      | Reached XP level 5. HP: 40/45 MP: 6/6
  1222 | D:4      | Found a snail-covered altar of Cheibriados.
  1306 | D:4      | Reached skill level 7 in Axes
  1376 | D:4      | Reached XP level 6. HP: 39/51 MP: 7/7
  1392 | D:5      | Entered Level 5 of the Dungeon
  1437 | D:5      | Found a staircase to the Ecumenical Temple.
  1463 | D:5      | Identified the +1 chain mail "Hiengi Jibi" {-Tele rC+++
                  | Dex+4}
  1573 | D:5      | Reached XP level 7. HP: 19/60 MP: 8/8
  1663 | D:5      | Reached skill level 8 in Axes
  1674 | D:5      | Reached skill level 5 in Fighting
  1780 | D:5      | Reached XP level 8. HP: 24/69 MP: 9/9
  1974 | D:4      | Reached skill level 9 in Axes
  1994 | D:4      | Found Villoepy's Book Boutique.
  2513 | D:5      | Reached skill level 10 in Axes
  2513 | D:5      | Gained mutation: You passively map the area around you.
                  | [Meteoran growth]
  2513 | D:5      | Reached XP level 9. HP: 79/79 MP: 10/10
  2624 | D:6      | Reached skill level 1 in Shields
  2687 | D:6      | Found a sparkling altar of Nemelex Xobeh.
  2739 | D:6      | Found a shimmering blue altar of Sif Muna.
  2978 | D:7      | Reached *** piety under Trog
  2987 | D:7      | Reached skill level 11 in Axes
  3361 | D:8      | Noticed a two-headed ogre
  3366 | D:8      | Killed a two-headed ogre
  3367 | D:8      | Reached XP level 10. HP: 66/91 MP: 11/11
  3600 | D:8      | Reached skill level 12 in Axes
  3634 | D:8      | Slain by an orc warrior

Illustrated notes

Levels and vault maps discovered:
D:1:      minmay_arrival_pointy, layout_basic, serial_bayou_pond_e
D:2:      layout_rooms
D:3:      layout_loops_ring, kennysheep_generic_room_10
D:4:      layout_basic, mainiacjoe_overflow_brackets,
          lemuel_coloured_pillars_altar, serial_shops, shop
D:5:      layout_basic, minmay_temple_entry_arrows, wad_rectangle_vault
D:6:      nicolae_cairo_tiling_very_big, layout_loops_cross, led_sif_book,
          nemelex_spade_bored_becter
D:7:      layout_cave_pods, serial_column_ruins, column_ruins_corridor_straight,
          column_ruins_open_medium, column_ruins_grid_1, column_ruins_grid_3,
          column_ruins_columns_T, minmay_misc_feat_five, minivault_14
D:8:      layout_basic, erik_lair_orcish_takeover, special_room
          [special_room_orc], minivault_21

Skill      XL: |  1  2  3  4  5  6  7  8  9 10 |
---------------+-------------------------------+-----
Axes           | 4 5 6 7 8 10 11 12 | 12.2
Fighting       | 4 5 7 9 |  9.9
Shields        | 4 |  4.9
Armour         | |  2.4
Dodging        | |  2.4

Action                     |  1- 3 |  4- 6 |  7- 9 | 10-12 || total
---------------------------+-------+-------+-------+-------++-------
  Melee: Dagger            |    44 |       |       |       ||    44
         Hand axe          |    46 |   166 |   235 |       ||   447
         Punch             |     1 |       |     6 |       ||     7
         Trident           |       |       |    88 |    88 ||   176
 Invoke: Berserk           |     3 |     3 |     6 |     1 ||    13
         Trog's Hand       |       |       |     2 |       ||     2
  Evoke: Wand              |       |       |       |     1 ||     1
    Use: Scroll            |     6 |     3 |     1 |       ||    10
         Potion            |       |       |     4 |       ||     4
 Armour: Animal skin       |    18 |       |       |       ||    18
         Chain mail        |     3 |    92 |   101 |       ||   196
         Skin              |       |       |    14 |       ||    14
         Scale mail        |       |       |    16 |    18 ||    34
  Dodge: Dodged            |    31 |    60 |    72 |    10 ||   173
  Block: Kite shield       |       |       |    28 |    35 ||    63

Table legend: (Time is in decaauts)
 A = Elapsed time spent in this place.
 B = Non-inter-level travel time spent in this place.
 C = Inter-level travel time spent in this place.
 D = Time resting spent in this place.
 E = Time spent auto-exploring this place.
 F = Levels seen in this place.
 G = Mean time per level.
                   A        B        C        D        E       F      G
               +--------+--------+--------+--------+--------+-----+--------+
         Total |   3719 |   1390 |   2329 |      5 |      0 |   8 |  464.9 |
       Dungeon |   3719 |   1390 |   2329 |      5 |      0 |   8 |  464.9 |
               +--------+--------+--------+--------+--------+-----+--------+

Top non-repeatable levels by time:
     D:5: 681 daAuts
     D:6: 613 daAuts
     D:4: 536 daAuts
     D:7: 513 daAuts
     D:2: 375 daAuts
     D:1: 367 daAuts
     D:3: 328 daAuts
     D:8: 303 daAuts
